[Event "*** Titled Tuesday 3|2 Blitz"]
[Site "Chess.com"]
[Date "2016.06.07"]
[Round "3"]
[White "lukas_111111"]
[Black "viktorskliarov"]
[Result "1/2-1/2"]
[WhiteElo "2216"]
[BlackElo "2374"]
[TimeControl "180+2"]
[EndTime "11:38:48 PDT"]
[Termination "Game drawn by repetition"]

1. e4 c5 2. Nf3 Nc6 3. Bb5 e6 4. O-O Nge7 5. Re1 Nd4 6. Nxd4 cxd4 7. c3 a6 8. Bf1 d5 9. exd5 Nxd5 10. cxd4 Be7 11.
Nc3 Bf6 12. Ne4 O-O 13. Nxf6+ Qxf6 14. b3 b6 15. Ba3 Rd8 16. Rc1 Bb7 17. Qg4 Rac8 18.
Bb2 Qh6 19. Bc3 b5 20. Ba5 Re8 21. g3 b4 22. Qe2 Nf4 23. Qg4 Nd5 24. Qe2 Qf6 25. Qe5 Qg6 26. Bg2 h6 27. Be4 Qg4 28. f3 Qh3 29. Bd3 Nf6 30. Bf1 Qf5 31. Qxf5 exf5 32.
Rxe8+ Rxe8 33. Kf2 Nd5 34. Rc5 Re7 35. Bd3 g6 36. Bc4 Rd7 37. Bxd5 Bxd5 38. Bxb4 g5 39. Bc3 f4 40. gxf4 gxf4 41. Ra5 Rd6 42. Bb4 Rd7 43. Rxa6 Kg7 44. Bd6 f6 45. Bxf4 Kg6 46. Be3 h5 47. Rb6 h4 48. a4 h3 49. Kg3 Kf5 50. Kxh3 Rg7 51. Rb5 Ke6 52. Rb6+ Kf5 53. Rb5 Ke6 54. a5 Bxf3 55. a6 Bg2+ 56. Kh4 Bf3 57. a7 Rg4+ 58. Kh3 f5 59. d5+ Kf7 60. Rb7+ Kg6 61. Rb6+ Kf7 62. Rb7+ Kg6 63. Rb6+ Kf7 64. Rb7+ Kg6 65. Rb6+ Kf7 66. Rb7+ Kg6 67. Rb6+ Kf7 68. Rb7+ 1/2-1/2

[Event "*** Titled Tuesday 3|2 Blitz"]
[Site "Chess.com"]
[Date "2016.06.07"]
[Round "3"]
[White "Abdodi"]
[Black "charlescandycampbell"]
[Result "0-1"]
[WhiteElo "1977"]
[BlackElo "2043"]
[TimeControl "180+2"]
[EndTime "11:40:10 PDT"]
[Termination "charlescandycampbell won by resignation"]

1. d4 Nf6 2. Nc3 d5 3. Nf3 Bf5 4. g3 e6 5. Bg2 c6 6. Nh4 Bd6 7.
Nxf5 exf5 8. O-O O-O 9. Bg5 Nbd7 10. Na4 h6 11. Bc1 Qe7 12. b3 Rfe8 13. Re1 Kh7 14. c4 Ne4 15. f3 Nef6 16. Nc3 Bb4 17. Qd3 g6 18. Kh1 Qd6 19. a3 Bxc3 20. Qxc3 Re6 21. Qd2 Qf8 22. Ra2 Rae8 23. Qf4 Nb6 24. c5 Nbd7 25.
Qc7 Rb8 26. Bf4 Qd8 27. Qxd8 Rxd8 28. b4 a6 29. a4 Ra8 30. Rea1 Rae8 31. Bf1 g5 32.
Bd6 Ra8 33. b5 a5 34. bxc6 bxc6 35. Rb2 Ra7 36. Rab1 Re8 37. Rb7 Rea8 38. Kg1 Kg6 39. Kf2 Ne8 40. Bb8 Nxb8 41. Rxb8 Nf6 42. Rxa8 Rxa8 43.
Rb6 Rc8 44. Ra6 f4 45. Rxa5 Ne8 46. Ra6 Kf6 47. Bh3 Rc7 48. a5 Ke7 49. Rb6 Ra7 50.
a6 Nc7 51. Rb7 Rxb7 52. axb7 Na6 53. gxf4 gxf4 54. Bc8 Kd8 55. Kg2 Kc7 56. Kh3 Nb4 57. Kg4 Nc2 58. Kxf4 Nxd4 59. e4 dxe4 60. Kxe4 Nb3 61.
Kf5 Nxc5 62. Kf6 Nxb7 63. Bg4 Nd6 64. Kg7 c5 65. Kxh6 c4 66. f4 c3 67. Bd1 Nf5+ 68. Kg5 Nd4 69. h4 Kd7 70. Kf6 Ke8 71. Kg7 Nf5+ 72.
Kf6 Nxh4 73. Bb3 Kf8 74. Ke5 Nf3+ 75. Kd5 Nd2 76. Bc2 Ke7 77. Kd4 Nf3+ 78. Kxc3 Kf6 79.
Kd3 Ne1+ 80. Kd2 Nxc2 81. Kxc2 Kf5 82. Kd3 Kxf4 83. Ke2 f6 84. Ke1 Kf3 85. Kf1 f5 86. Kg1 Ke2 87. Kg2 0-1

[Event "*** Titled Tuesday 3|2 Blitz"]
[Site "Chess.com"]
[Date "2016.06.07"]
[Round "4"]
[White "mwpchess"]
[Black "kereswasbest"]
[Result "1-0"]
[WhiteElo "2354"]
[BlackElo "2117"]
[TimeControl "180+2"]
[EndTime "11:43:10 PDT"]
[Termination "mwpchess won by resignation"]

1. d4 d5 2. Bf4 e6 3. e3 Bd6 4. Bg3 Nf6 5. Nf3 c5 6. c3 Nc6 7.
Nbd2 O-O 8. Bd3 Qe7 9. Ne5 Bd7 10.
f4 Rab8 11. O-O b5 12. a3 a5 13. Bh4 b4 14. axb4 axb4 15. Ng4 bxc3 16. Nxf6+ gxf6 17. Qh5 1-0

[Event "*** Titled Tuesday 3|2 Blitz"]
[Site "Chess.com"]
[Date "2016.06.07"]
[Round "4"]
[White "Zazuliak"]
[Black "Andrejkin"]
[Result "1-0"]
[WhiteElo "2352"]
[BlackElo "2153"]
[TimeControl "180+2"]
[EndTime "11:44:20 PDT"]
[Termination "Zazuliak won by resignation"]

1. d4 Nf6 2. c4 e6 3. Nc3 Bb4 4. Qc2 c5 5. dxc5 O-O 6. a3 Bxc5 7. Nf3 Nc6 8. Bg5 d5 9. cxd5 exd5 10. Bxf6 Qxf6 11.
Nxd5 Qd6 12. Rd1 Re8 13. e3 Bg4 14. Be2 Bxf3 15. Bxf3 Ne5 16. Be4 h6 17. O-O Ng4 18.
Nf4 1-0

[Event "*** Titled Tuesday 3|2 Blitz"]
[Site "Chess.com"]
[Date "2016.06.07"]
[Round "4"]
[White "SmarterChess"]
[Black "Keaton87"]
[Result "0-1"]
[WhiteElo "2153"]
[BlackElo "2472"]
[TimeControl "180+2"]
[EndTime "11:44:46 PDT"]
[Termination "Keaton87 won by resignation"]

1. d4 Nf6 2. c4 g6 3. Nc3 Bg7 4.
e4 O-O 5. Nf3 d6 6. h3 e5 7. d5 Qe8 8. Be3 Nh5 9. g3 f5 10. Be2 f4 11. gxf4 Nxf4 12. Bxf4 exf4 13. Qc2 a5 14. Ng5 Na6 15. a3 Nc5 16. Nb5 Qe7 17. h4 h6 18. Nf3 Nxe4 19. O-O-O Nxf2 20. Bd3 Qe3+ 21. Nd2 Nxd3+ 22. Kb1 Bf5 0-1

[Event "*** Titled Tuesday 3|2 Blitz"]
[Site "Chess.com"]
[Date "2016.06.07"]
[Round "4"]
[White "Yaacovn"]
[Black "Semetey"]
[Result "1-0"]
[WhiteElo "2638"]
[BlackElo "2451"]
[TimeControl "180+2"]
[EndTime "11:44:58 PDT"]
[Termination "Yaacovn won by resignation"]

1. d4 Nf6 2. Nf3 e6 3. c4 Bb4+ 4. Bd2 Qe7 5. g3 O-O 6. Bg2 Bxd2+ 7. Qxd2 d5 8. O-O dxc4 9. Qc2 c5 10. dxc5 Qxc5 11.
Nbd2 Na6 12. Qxc4 Bd7 13. Rfc1 Rfc8 14. Qxc5 Nxc5 15. Nc4 Rab8 16. Nfe5 b6 17. Nd6 Rd8 18. Ndxf7 Rf8 19. b4 Na6 20. Ng5 Nxb4 21. Rc7 Rbd8 22. Rxa7 h6 23. Nxd7 Rxd7 24. Rxd7 Nxd7 25. Nxe6 Re8 26.
Nd4 Nc5 27. Rb1 Nxa2 28. Bd5+ Kh8 29. Bxa2 Rd8 30. e3 1-0

[Event "*** Titled Tuesday 3|2 Blitz"]
[Site "Chess.com"]
[Date "2016.06.07"]
[Round "4"]
[White "kikydu96"]
[Black "ItalianMachine"]
[Result "0-1"]
[WhiteElo "2350"]
[BlackElo "2326"]
[TimeControl "180+2"]
[EndTime "11:45:13 PDT"]
[Termination "ItalianMachine won by resignation"]

1. e4 e5 2. Nf3 Nc6 3. Bc4 Nf6 4. d3 Be7 5. c3 O-O 6. Bb3 d6 7. h3 Na5 8. Bc2 c5 9. Nbd2 Qc7 10. O-O Rb8 11. Re1 b5 12. Nf1 Be6 13. Ng5 Bd7 14. f4 h6 15. Nf3 Be6 16. f5 Bd7 17. Be3 b4 18. c4 Nc6 19. Qd2 Kh7 20. g4 Nd4 21. Bxd4 cxd4 22. Ng3 g5 23. Kh2 Kg7 24.
Nxg5 Nxg4+ 25. hxg4 Bxg5 26. Nh5+ Kh7 27. Qg2 f6 28. Qh3 a5 29. Rh1 a4 30. Kg2 b3 31.
axb3 axb3 32. Bd1 Ra8 33. Be2 Ra2 34. Rxa2 bxa2 35. Ra1 Qa5 36. Qf3 Rb8 37. Qf1 Rxb2 38. Kf3 Qd2 39. Qd1 Qe3+ 0-1

[Event "*** Titled Tuesday 3|2 Blitz"]
[Site "Chess.com"]
[Date "2016.06.07"]
[Round "4"]
[White "Rikikits"]
[Black "DrHolmes13"]
[Result "1-0"]
[WhiteElo "2435"]
[BlackElo "2377"]
[TimeControl "180+2"]
[EndTime "11:45:15 PDT"]
[Termination "Rikikits won by checkmate"]

1. e4 c6 2. c4 d5 3. exd5 cxd5 4. cxd5 Nf6 5. Nc3 Nxd5 6. Nf3 Nc6 7. Bb5 g6 8. Qb3 Nc7 9. Ne5 Be6 10. Nxc6 Qd7 11.
Nd4 Bxb3 12. Bxd7+ Kxd7 13. Nxb3 Bg7 14. d4 a6 15. Be3 b5 16. Ne4 Nd5 17. Ke2 Rhc8 18. Rhc1 e6 19. a3 Rc4 20. Nbc5+ Kc6 21. b3 Rxc1 22.
Rxc1 Kb6 23. Nd7+ Ka5 24. Bd2+ b4 25. Rc5# 1-0

[Event "*** Titled Tuesday 3|2 Blitz"]
[Site "Chess.com"]
[Date "2016.06.07"]
[Round "4"]
[White "ChessMavenYeti"]
[Black "Usurpov"]
[Result "0-1"]
[WhiteElo "2138"]
[BlackElo "2351"]
[TimeControl "180+2"]
[EndTime "11:45:21 PDT"]
[Termination "Usurpov won by resignation"]

1. d4 Nf6 2. c4 g6 3. Nc3 d5 4.
Nf3 Bg7 5. Bg5 Ne4 6. cxd5 Nxg5 7. Nxg5 O-O 8. e4 c6 9. Bc4 cxd5 10. exd5 e6 11.
dxe6 Qxg5 12. exf7+ Kh8 13. O-O Nc6 14. Re1 Nxd4 15.
Re8 Bg4 16. Rxf8+ Rxf8 17. Qa4 Nf3+ 18. gxf3 Bh3+ 0-1

[Event "*** Titled Tuesday 3|2 Blitz"]
[Site "Chess.com"]
[Date "2016.06.07"]
[Round "4"]
[White "Masterbeaterr"]
[Black "RamonManon0g"]
[Result "1-0"]
[WhiteElo "2339"]
[BlackElo "2103"]
[TimeControl "180+2"]
[EndTime "11:45:22 PDT"]
[Termination "Masterbeaterr won by resignation"]

1. e4 c5 2. Nf3 d6 3. Nc3 Nf6 4. e5 dxe5 5. Nxe5 g6 6. g3 Bg7 7. Bg2 O-O 8. O-O Nbd7 9. Nc4 a6 10. a4 Rb8 11. a5 Re8 12. d3 Qc7 13. Re1 e5 14. Ne4 Nxe4 15. dxe4 Nf8 16. Bg5 Ne6 17.
Be3 Bd7 18. c3 Bb5 19. Nb6 Rbd8 20. Nd5 Qc8 21. Bf1 Bxf1 22. Rxf1 c4 23. Qa4 f5 24.
Bb6 Rd6 25. Rad1 fxe4 26. Nf6+ Bxf6 27. Rxd6 Be7 28. Rxe6 1-0

[Event "*** Titled Tuesday 3|2 Blitz"]
[Site "Chess.com"]
[Date "2016.06.07"]
[Round "4"]
[White "sandropozo"]
[Black "Rating-Schmating"]
[Result "1-0"]
[WhiteElo "2435"]
[BlackElo "2196"]
[TimeControl "180+2"]
[EndTime "11:45:26 PDT"]
[Termination "sandropozo won by resignation"]

1. d4 e6 2. Nf3 b6 3. g3 Bb7 4. Bg2 Nf6 5. O-O c5 6. c4 cxd4 7. Qxd4 Qc7 8. Nc3 a6 9. Rd1 Bc5 10. Qh4 Be7 11. Qf4 Qxf4 12. Bxf4 d5 13. Ne5 Nbd7 14.
cxd5 exd5 15. Nxd7 Nxd7 16. Nxd5 Bxd5 17. Bxd5 Rc8 18. Bb7 Rc5 19. b4 Rc4 20. Bxa6 Rxb4 21. a4 Bc5 22. Bb5 Rd4 23. Rxd4 Bxd4 24. Rd1 1-0

[Event "*** Titled Tuesday 3|2 Blitz"]
[Site "Chess.com"]
[Date "2016.06.07"]
[Round "4"]
[White "Wolverine_master"]
[Black "162a54f5d"]
[Result "1-0"]
[WhiteElo "2096"]
[BlackElo "2122"]
[TimeControl "180+2"]
[EndTime "11:45:47 PDT"]
[Termination "Wolverine_master won by resignation"]

1. e4 Nc6 2. d4 d5 3. e5 Bf5 4.
Bd3 Nxd4 5. Be3 Bxd3 6. Qxd3 Nc6 7.
c3 Qd7 8. Nf3 e6 9. O-O Nge7 10.
Nbd2 Ng6 11. Bd4 Be7 12. a4 O-O 13. Rfe1 b6 14. b4 Nxd4 15. Qxd4 c5 16. Qg4 Rac8 17. b5 Rce8 18. c4 d4 19. Ne4 Qc7 20. Qg3 Kh8 21. h4 Rg8 22. h5 Nf8 23. Qf4 Bd8 24.
Nd6 Re7 25. Ng5 f5 26. exf6 gxf6 27. Qxf6+ Rgg7 28. Qxf8+ Rg8 29. Ngf7+ Rxf7 30. Nxf7+ 1-0

[Event "*** Titled Tuesday 3|2 Blitz"]
[Site "Chess.com"]
[Date "2016.06.07"]
[Round "4"]
[White "akinov-akinseye"]
[Black "northridgehawk"]
[Result "1-0"]
[WhiteElo "1707"]
[BlackElo "1894"]
[TimeControl "180+2"]
[EndTime "11:46:08 PDT"]
[Termination "akinov-akinseye won by resignation"]

1. e4 e5 2. f4 exf4 3. Nf3 g5 4.
h4 g4 5. Ne5 Nh6 6. d4 d6 7. Nd3 Nc6 8. Nxf4 Bg7 9. Nh5 O-O 10.
d5 Ne5 11. Qd2 Nc4 12. Bxc4 Re8 13. Nxg7 Rxe4+ 14. Be2 Qe7 15. Nc3 Re5 16. Qxh6 Bd7 17. Nh5 f5 18. Bg5 Qf7 19. Nf6+ Kh8 20. Nxd7 Qxd7 21.
Bf6+ Kg8 22. Qg5+ Kf8 23. O-O-O Rae8 24. Bxg4 fxg4 25. Bxe5 Rxe5 26. Rhf1+ Ke8 27. Qg8+ Ke7 1-0

[Event "*** Titled Tuesday 3|2 Blitz"]
[Site "Chess.com"]
[Date "2016.06.07"]
[Round "4"]
[White "MinhGTrAn"]
[Black "GMHess"]
[Result "1-0"]
[WhiteElo "2631"]
[BlackElo "2570"]
[TimeControl "180+2"]
[EndTime "11:46:17 PDT"]
[Termination "MinhGTrAn won by resignation"]

1. d4 g6 2. e4 Bg7 3. Nc3 d6 4. f4 c6 5. Nf3 Bg4 6. Be3 Qb6 7. Qd2 Bxf3 8. gxf3 Nd7 9. O-O-O Ngf6 10. Bh3 Qa5 11. Kb1 Nb6 12. Qd3 Qh5 13. Qf1 Nc4 14. Bc1 d5 15.
Rg1 Bh6 16. b3 Nb6 17. Rg3 Qh4 18. e5 Nfd7 19. Bxd7+ Nxd7 20. Rh3 Qxh3 21. Qxh3 Bg7 22.
f5 1-0

[Event "*** Titled Tuesday 3|2 Blitz"]
[Site "Chess.com"]
[Date "2016.06.07"]
[Round "4"]
[White "Lukianoo"]
[Black "hansen"]
[Result "1-0"]
[WhiteElo "2612"]
[BlackElo "2554"]
[TimeControl "180+2"]
[EndTime "11:46:41 PDT"]
[Termination "Lukianoo won by resignation"]

1. e4 e5 2. d4 exd4 3. Qxd4 Nc6 4. Qe3 Nf6 5. Nc3 Bb4 6. Bd2 O-O 7. O-O-O Re8 8. Bc4 d6 9. Nf3 Bc5 10. Qf4 Be6 11.
Bxe6 Rxe6 12. Be3 Bxe3+ 13. Qxe3 Qe8 14. Rhe1 a6 15. Qf4 Ne5 16. Nd4 Ng6 17. Qe3 Re7 18. f4 b5 19. Nf5 Re6 20. a3 a5 21.
Nd4 Re7 22. Ndxb5 Nxe4 23. Nd5 f5 24. Nbxc7 Qc8 25. Nxe7+ Nxe7 26. Nxa8 Qb8 27. Qb3+ 1-0

[Event "*** Titled Tuesday 3|2 Blitz"]
[Site "Chess.com"]
[Date "2016.06.07"]
[Round "4"]
[White "Ksenia_Legenko"]
[Black "annakantane"]
[Result "0-1"]
[WhiteElo "2010"]
[BlackElo "2158"]
[TimeControl "180+2"]
[EndTime "11:46:43 PDT"]
[Termination "annakantane won by resignation"]

1. d4 Nf6 2. c4 c5 3. e3 cxd4 4. exd4 g6 5. Nc3 Bg7 6. Nf3 O-O 7. Be2 d5 8. O-O Nc6 9. c5 Bg4 10. Be3 Ne4 11. h3 Bxf3 12. Bxf3 f5 13. Qb3 e6 14. Rad1 f4 15. Bxe4 fxe3 16. Bf3 Nxd4 17. Qxb7 Nxf3+ 18. gxf3 Bxc3 19. bxc3 e2 20. Rfe1 exd1=R 21. Rxd1 Rc8 22. Qxa7 Qc7 23. Qa6 Qc6 24. Qe2 Rf6 25. Qe5 Rcf8 26. Rb1 Qxc5 27. f4 Qc6 28. Rb4 Rf5 29. Qe3 Qd6 30.
Rb6 Qxf4 31. Qxe6+ Kh8 32. Qe2 Qxf2+ 33. Qxf2 Rxf2 34.
a4 Ra2 0-1

[Event "*** Titled Tuesday 3|2 Blitz"]
[Site "Chess.com"]
[Date "2016.06.07"]
[Round "4"]
[White "VMikhalevski"]
[Black "lukas_111111"]
[Result "1-0"]
[WhiteElo "2426"]
[BlackElo "2207"]
[TimeControl "180+2"]
[EndTime "11:46:49 PDT"]
[Termination "VMikhalevski won by resignation"]

1. Nf3 Nf6 2. g3 g6 3. b3 Bg7 4. Bb2 O-O 5. Bg2 d6 6. d4 e5 7. dxe5 Ng4 8. O-O Nc6 9. c4 Ngxe5 10. Nc3 Nxf3+ 11. Bxf3 Bf5 12. Bg2 Qd7 13. Qd2 Ne5 14. Nd5 c6 15. Ne3 Be6 16. f4 Ng4 17. Bxg7 Kxg7 18.
Qd4+ f6 19. Nd1 c5 20. Qd2 Rad8 21. Nc3 Rfe8 22. h3 Nh6 23. g4 Nf7 24. Rad1 f5 25. g5 h6 26. h4 hxg5 27. hxg5 Rh8 28. Nd5 Bxd5 29. Qc3+ Kg8 30. Bxd5 Rh4 31. Qf6 Rg4+ 32. Kh2 Rh4+ 33. Kg3 Rg4+ 34. Kf3 Kf8 35. Rh1 1-0

[Event "*** Titled Tuesday 3|2 Blitz"]
[Site "Chess.com"]
[Date "2016.06.07"]
[Round "4"]
[White "GMKrikor"]
[Black "Rumpel-VK"]
[Result "0-1"]
[WhiteElo "2537"]
[BlackElo "2448"]
[TimeControl "180+2"]
[EndTime "11:46:51 PDT"]
[Termination "Rumpel-VK won by resignation"]

1. g3 d6 2. Bg2 e5 3. Nf3 g6 4. d4 Bg7 5. dxe5 dxe5 6. Qxd8+ Kxd8 7. Nc3 c6 8. h4 h6 9. e4 Be6 10. b3 Nd7 11. Ba3 Kc7 12. O-O-O Re8 13. Bd6+ Kc8 14. h5 g5 15. Ne1 f6 16. Bh3 Bxh3 17. Rxh3 Bf8 18. Bxf8 Nxf8 19. Ng2 Ne6 20. Ne3 Ne7 21. Ne2 Rd8 22. g4 Rxd1+ 23. Kxd1 Nf4 24. Rf3 Rd8+ 25. Ke1 Kc7 26. Ng3 a5 27. Nef5 Nxf5 28. Nxf5 Rh8 29. Kd2 b5 30. Rg3 b4 31. Ke3 Ne6 32. Rg1 c5 33. c3 bxc3 34. Rc1 Nd4 35. Rxc3 Nxf5+ 36. exf5 Kc6 37. Rc4 Rb8 38. Ra4 Rb5 39. Ke4 Rb4+ 40.
Rxb4 axb4 41. f3 Kd6 42. Ke3 Kd5 43. Kd3 c4+ 44. bxc4+ Kc5 45. Kd2 Kxc4 46. Kc2 Kd4 47. Kb3 Ke3 48. Kxb4 Kxf3 49. a4 e4 50. a5 e3 51. a6 e2 0-1

[Event "*** Titled Tuesday 3|2 Blitz"]
[Site "Chess.com"]
[Date "2016.06.07"]
[Round "4"]
[White "OldweakGM"]
[Black "E-Shaposhnikov"]
[Result "0-1"]
[WhiteElo "2604"]
[BlackElo "2575"]
[TimeControl "180+2"]
[EndTime "11:47:01 PDT"]
[Termination "E-Shaposhnikov won by resignation"]

1. Nf3 c5 2. c4 Nc6 3. Nc3 g6 4. e3 Nf6 5. d4 cxd4 6. exd4 d5 7. Bg5 Be6 8. Bxf6 exf6 9. Be2 Bg7 10. O-O O-O 11. a3 f5 12. c5 g5 13. Bb5 g4 14.
Bxc6 bxc6 15. Ne5 Bxe5 16. dxe5 d4 17. Ne2 d3 18. Nf4 d2 19. Nxe6 fxe6 20. Qb3 Qd7 21.
Rad1 Rad8 22. f4 Qd4+ 23. Rf2 Rd5 24. Kf1 Qe4 25. Rdxd2 Qb1+ 26. Ke2 Rxd2+ 27. Kxd2 Rd8+ 28. Ke2 Rd5 29. Rf1 Qe4+ 30. Kf2 Rd2+ 31. Kg3 Rd3+ 0-1

[Event "*** Titled Tuesday 3|2 Blitz"]
[Site "Chess.com"]
[Date "2016.06.07"]
[Round "4"]
[White "Boryboy"]
[Black "jcibarra"]
[Result "1/2-1/2"]
[WhiteElo "2545"]
[BlackElo "2658"]
[TimeControl "180+2"]
[EndTime "11:47:07 PDT"]
[Termination "Game drawn by agreement"]

1. d4 Nf6 2. Nf3 g6 3. g3 Bg7 4. Bg2 O-O 5. O-O d6 6. a4 Na6 7. Nc3 c5 8. h3 cxd4 9. Nxd4 Nc5 10. Ra3 Rb8 11. Be3 a6 12. Qd2 Bd7 13. b4 Ne6 14. Nxe6 Bxe6 15. b5 Qc7 16. a5 Rfc8 17. Ba7 Ra8 18. bxa6 bxa6 19. Bb6 Qc4 20. Bxa8 Rxa8 21.
Kh2 Rc8 22. Qd3 Bf5 23. Qxc4 Rxc4 24. Rc1 Nd7 25. Nd5 Bb2 26. Nxe7+ Kf8 27. Nxf5 Bxc1 28. Nxd6 Rxc2 29. Ra4 1/2-1/2

[Event "*** Titled Tuesday 3|2 Blitz"]
[Site "Chess.com"]
[Date "2016.06.07"]
[Round "4"]
[White "TomsKantans"]
[Black "Alexander_Moskalenko"]
[Result "0-1"]
[WhiteElo "2455"]
[BlackElo "2658"]
[TimeControl "180+2"]
[EndTime "11:47:07 PDT"]
[Termination "Alexander_Moskalenko won by resignation"]

1. e4 c5 2. Nf3 d6 3. d4 cxd4 4. Nxd4 Nf6 5. Nc3 g6 6. Be3 Bg7 7. f3 Nc6 8. Qd2 O-O 9. g4 Be6 10. Nxe6 fxe6 11. h4 d5 12. O-O-O d4 13. Qh2 Qa5 14.
Bc4 dxe3 15. Bxe6+ Kh8 16. h5 gxh5 17. f4 Nxg4 18.
Bxg4 Bxc3 19. a3 Bg7 20. Rd5 Qb6 21. c3 e2 22. Rxh5 Qe3+ 23. Kb1 Qxe4+ 24. Ka1 e1=Q+ 25.
Rxe1 Qxe1+ 26. Ka2 Qe4 27. f5 Qd5+ 28. Ka1 Qg8 0-1

[Event "*** Titled Tuesday 3|2 Blitz"]
[Site "Chess.com"]
[Date "2016.06.07"]
[Round "4"]
[White "1stSecond"]
[Black "Blitzstream"]
[Result "0-1"]
[WhiteElo "2556"]
[BlackElo "2518"]
[TimeControl "180+2"]
[EndTime "11:47:10 PDT"]
[Termination "Blitzstream won by checkmate"]

1. c4 Nf6 2. Nc3 c6 3. Nf3 d5 4. d4 e6 5. e3 Nbd7 6. Qc2 Bd6 7. Bd2 O-O 8. h3 b6 9. cxd5 exd5 10. Bd3 c5 11. g4 c4 12. Be2 Bb4 13. O-O-O Rb8 14. Kb1 b5 15. g5 Bxc3 16. gxf6 Nxf6 17. bxc3 Ne4 18. Be1 Bf5 19. Ne5 Nxc3+ 20. Bxc3 Bxc2+ 21. Kxc2 b4 22. Nc6 Qe8 23. Nxb8 Qa4+ 24. Kd2 bxc3+ 25.
Kxc3 Qa5+ 26. Kc2 Qxa2+ 27. Kc3 Rxb8 28. Bxc4 Qxc4+ 29. Kd2 Rb2+ 30. Ke1 Qe2# 0-1

[Event "*** Titled Tuesday 3|2 Blitz"]
[Site "Chess.com"]
[Date "2016.06.07"]
[Round "4"]
[White "jup1978"]
[Black "SabinaFoisor"]
[Result "0-1"]
[WhiteElo "2201"]
[BlackElo "2223"]
[TimeControl "180+2"]
[EndTime "11:47:17 PDT"]
[Termination "SabinaFoisor won by resignation"]

1. e4 e5 2. Nf3 Nc6 3. Bb5 a6 4. Ba4 Nf6 5. d3 b5 6. Bb3 Be7 7. a4 Bb7 8. axb5 axb5 9. Rxa8 Qxa8 10. c3 O-O 11. O-O d6 12. Nbd2 h6 13. Re1 Re8 14. Nf1 Bf8 15. Ng3 Na5 16. Bc2 d5 17. Nh4 dxe4 18. dxe4 Nc4 19. Qf3 Qa2 20. Bxh6 gxh6 21. Qxf6 Qxb2 22. Bd3 Qxc3 23. Rd1 Nb2 24. Bxb5 Re6 25.
Qd8 Nxd1 26. Nhf5 Qe1+ 27. Bf1 Qxf2+ 28. Kh1 Ne3 0-1

[Event "*** Titled Tuesday 3|2 Blitz"]
[Site "Chess.com"]
[Date "2016.06.07"]
[Round "4"]
[White "TheLancer"]
[Black "yopino"]
[Result "1-0"]
[WhiteElo "2460"]
[BlackElo "2224"]
[TimeControl "180+2"]
[EndTime "11:47:17 PDT"]
[Termination "TheLancer won on time"]

1. e4 c5 2. Nc3 g6 3. f4 Bg7 4. Nf3 Nc6 5. Bc4 e6 6. f5 Nge7 7. fxe6 dxe6 8. d3 O-O 9. O-O Na5 10. Qe1 Nec6 11. Bg5 f6 12. Be3 Nd4 13. Qf2 Nxc4 14. dxc4 Nxf3+ 15. gxf3 b6 16. Rad1 Qe7 17. Qd2 Ba6 18. b3 Rad8 19. Qe1 Rxd1 20. Nxd1 Rd8 21. Nf2 f5 22. Qe2 Qd6 23. Rd1 Qc7 24. Rd3 Bf6 25.
Qd2 Bb7 26. Bf4 Qc8 27. Bd6 Bd4 28. Be5 fxe4 29. Rxd4 cxd4 30. Qh6 Qd7 31. Ng4 Rf8 32. Qg5 exf3 33. Nf6+ Rxf6 34. Qxf6 1-0

[Event "*** Titled Tuesday 3|2 Blitz"]
[Site "Chess.com"]
[Date "2016.06.07"]
[Round "4"]
[White "Cruel_Yaro"]
[Black "INbetweenMOVE"]
[Result "1-0"]
[WhiteElo "2553"]
[BlackElo "2331"]
[TimeControl "180+2"]
[EndTime "11:47:19 PDT"]
[Termination "Cruel_Yaro won by resignation"]

1. d4 e6 2. c4 f5 3. g3 Nf6 4.
Bg2 c6 5. Nc3 d5 6. Nh3 Bd6 7. O-O O-O 8. Bf4 Be7 9. b3 b6 10.
Bg5 h6 11. Bxf6 Bxf6 12. Nf4 dxc4 13. e3 e5 14. Nh5 exd4 15. Nxf6+ Qxf6 16. exd4 Rd8 17. Re1 Bb7 18. bxc4 Rxd4 19. Re8+ Kh7 20. Qe2 Na6 21.
Re7 Nc5 22. Re1 Rad8 23. Bh3 R4d7 24. Re5 Nd3 25. Bxf5+ g6 26. Re7+ Rxe7 27. Qxe7+ Qg7 28. Bxg6+ Kxg6 29. Re6+ Kh7 30. Qxd8 Nf4 31. Re7 Nh3+ 32. Kg2 c5+ 33. Kxh3 Bc8+ 34. Kh4 Qxe7+ 1-0

[Event "*** Titled Tuesday 3|2 Blitz"]
[Site "Chess.com"]
[Date "2016.06.07"]
[Round "4"]
[White "gmcorrales"]
[Black "amaidel"]
[Result "0-1"]
[WhiteElo "2517"]
[BlackElo "2455"]
[TimeControl "180+2"]
[EndTime "11:47:27 PDT"]
[Termination "amaidel won by resignation"]

1. e4 e5 2. Nf3 Nf6 3. Nxe5 d6 4. Nf3 Nxe4 5. d4 d5 6. Bd3 Nc6 7. O-O Be7 8. c4 Nb4 9. Be2 dxc4 10. Bxc4 O-O 11. Nc3 Nxc3 12. bxc3 Nd5 13. Re1 Bf6 14. Bd2 c5 15. Ne5 Be6 16. Bd3 cxd4 17. cxd4 Rc8 18.
Qf3 Qb6 19. Re4 Nc3 20. Rf4 Bg5 21. Qh5 h6 22. Nf3 Bxf4 23. Bxf4 Bc4 24. Bf5 Ne2+ 25. Kh1 Nxf4 26. Qg4 Ne6 27. Ne5 Qxd4 28. Qxd4 Nxd4 29. Bxc8 Rxc8 30. Rd1 Bxa2 31. h4 Nc6 32. Ng4 Be6 33. Ne3 b5 34. g4 b4 35. f4 f6 36. f5 Bf7 37. Rd7 b3 38. g5 hxg5 39. hxg5 fxg5 40. f6 b2 41. Rb7 Rb8 42. Rxb2 Rxb2 0-1

[Event "*** Titled Tuesday 3|2 Blitz"]
[Site "Chess.com"]
[Date "2016.06.07"]
[Round "4"]
[White "dondimi"]
[Black "BjarkeSahl"]
[Result "1-0"]
[WhiteElo "2440"]
[BlackElo "2169"]
[TimeControl "180+2"]
[EndTime "11:47:45 PDT"]
[Termination "dondimi won on time"]

1. Nf3 f5 2. c4 Nf6 3. Nc3 g6 4. g3 Bg7 5. Bg2 O-O 6. O-O d6 7. e3 e5 8. d3 c5 9. a3 Nc6 10. Rb1 a5 11. Ne1 Kh8 12. Bd2 Be6 13. Nd5 Bg8 14.
Nc2 Nxd5 15. cxd5 Ne7 16. e4 f4 17. b4 b6 18. bxc5 bxc5 19. a4 g5 20. Na3 Ng6 21. Nc4 Qf6 22. Rb6 Rad8 23. Bh3 f3 24. Bg4 Ne7 25. Ne3 Bf7 26. Bxa5 h5 27. Bxf3 Bxd5 28.
Nxd5 Nxd5 29. Rb7 Ra8 30. Bxh5 Rxa5 31. exd5 e4 32. dxe4 Qd4 33. Qg4 Rxa4 34. Bg6 1-0

[Event "*** Titled Tuesday 3|2 Blitz"]
[Site "Chess.com"]
[Date "2016.06.07"]
[Round "4"]
[White "WanderingPuppet"]
[Black "AndreyOstrovskiy"]
[Result "0-1"]
[WhiteElo "2266"]
[BlackElo "2439"]
[TimeControl "180+2"]
[EndTime "11:47:47 PDT"]
[Termination "AndreyOstrovskiy won by resignation"]

1. e4 e5 2. Nf3 Nc6 3. Bb5 a6 4. Ba4 Nf6 5. O-O Be7 6. Re1 b5 7. Bb3 d6 8. c3 O-O 9. h3 h6 10. a4 Bd7 11. d4 Re8 12. Nbd2 Bf8 13. Nf1 exd4 14. cxd4 Nxe4 15. d5 Na5 16. Bc2 Nf6 17. Rxe8 Qxe8 18. axb5 axb5 19. Ne3 Nc4 20. Rxa8 Qxa8 21.
Bb3 Nb6 22. Qd4 Qa1 23. Qd1 b4 24. Kh2 Ba4 25. Bxa4 Qxa4 26. Qd3 Qa8 27. Qd4 Nbxd5 28. Nf5 c5 29. Qh4 Qa1 30. Bxh6 gxh6 31. Nxh6+ Bxh6 32. Qxh6 Qxb2 33. Qg5+ Kf8 34. Qf5 Qxf2 35. Qc8+ Kg7 36. Qf5 Qxg2+ 37. Kxg2 Ne3+ 0-1

[Event "*** Titled Tuesday 3|2 Blitz"]
[Site "Chess.com"]
[Date "2016.06.07"]
[Round "4"]
[White "Makalexa"]
[Black "Fibrinogen"]
[Result "0-1"]
[WhiteElo "2154"]
[BlackElo "2299"]
[TimeControl "180+2"]
[EndTime "11:47:59 PDT"]
[Termination "Fibrinogen won by resignation"]

1. e4 e5 2. Nf3 Nc6 3. Bb5 a6 4. Ba4 Nf6 5. O-O Be7 6. Re1 b5 7. Bb3 O-O 8. a4 b4 9. d4 d6 10. a5 exd4 11. Nxd4 Bb7 12. Nf5 Nd7 13. Qg4 Bf6 14.
Nh6+ Kh8 15. Nxf7+ Rxf7 16. Bxf7 Nde5 17. Qe6 Nd4 18. Qa2 Nxc2 19. Bd2 Nxa1 20. Qxa1 Nxf7 21. Bxb4 d5 22. Nc3 d4 23. Na4 Be7 24. Nc5 Bxc5 25. Bxc5 d3 26. b4 Qd7 27. Bd4 Ng5 28. f3 Rd8 29. Bc3 Bc6 30. e5 Ne6 31. Qb2 Qd5 32. Re4 d2 33. Bxd2 Qxd2 34. Qxd2 Rxd2 35. Rc4 Bb5 36.
Re4 Rd4 37. Re1 Rxb4 38. g3 Nd4 39. Re3 Rb3 40. Re4 Nxf3+ 41. Kf2 Ng5 42. Rd4 Rb2+ 43. Ke3 Re2+ 44. Kf4 Ne6+ 0-1